 Dungeon Crawl Stone Soup version 0.30.1-3-gfc49f6343a (webtiles) character file.

Game seed: 9337451358935853646

1309 shmup the Arsonist (level 8, 0/41 HPs)
             Began as a Tengu Fire Elementalist on July 19, 2023.
             Was an Initiate of Yredelemnul.
             Slain by an ogre
             ... wielding a +0 giant club
              (22 damage)
             ... on level 6 of the Dungeon on July 20, 2023.
             The game lasted 00:17:23 (6095 turns).

shmup the Arsonist (Tengu Fire Elementalist)        Turns: 6095, Time: 00:17:24

Health: 0/41       AC:  2    Str: 12    XL:     8   Next: 58%
Magic:  19/21      EV: 14    Int: 15    God:    Yredelemnul [......]
Gold:   200        SH:  4    Dex: 20    Spells: 3/11 levels left

rFire   . . .        g - staff of conjuration "Paebliaseu" {rN+ Str+3 Int-2 Dex+5}
rCold   . . .        A - +0 buckler
rNeg    + . .        a - +0 robe
rPois   .            (helmet restricted)
rElec   .            (no cloak)
rCorr   .            (no gloves)
SInv    .            (boots unavailable)
Will    .....        o - amulet of regeneration
Stlth   ++           c - ring of magical power
HPRegen 1.06/turn    (no ring)
MPRegen 0.17/turn

%: no passive effects
@: flying quickly and evasively, quick
A: beak, talons 3, nimble flight
a: Renounce Religion, Recall Undead Harvest


You were on level 6 of the Dungeon.
You worshipped Yredelemnul.
Yredelemnul was noncommittal.
You visited 2 branches of the dungeon, and saw 7 of its levels.

You collected 200 gold pieces.

Inventory:

Hand Weapons
 f - a +0 dagger
 q - a +0 scythe
 I - a +0 dagger of electrocution
Missiles
 h - 5 poisoned darts (quivered)
 i - 26 stones
 r - a curare-tipped dart
 s - 2 atropa-tipped darts
 B - a throwing net
 E - 6 javelins
Armour
 a - a +0 robe (worn)
 A - a +0 buckler (worn)
Magical Staves
 d - a staff of cold
 g - the staff of conjuration "Paebliaseu" (weapon) {rN+ Str+3 Int-2 Dex+5}
   (You acquired it on level 3 of the Dungeon)

   [staff of conjuration]

   Base accuracy: +5 Base damage: 5 Base attack delay: 1.2 This weapon's minimum
   attack delay (0.6) is reached at skill level 12.
   Str:       It affects your strength (+3).
   Int:       It affects your intelligence (-2).
   Dex:       It affects your dexterity (+5).
   rN:        It protects you from negative energy.
   It falls into the 'Staves' category.
   It is a one-handed weapon.
 y - a staff of cold
Jewellery
 c - a ring of magical power (left hand)
 o - an amulet of regeneration (around neck)
 H - a ring of positive energy
Wands
 v - a wand of mindburst (17)
 w - a wand of paralysis (5)
Scrolls
 j - a scroll of teleportation {unknown}
 k - a scroll of torment {unknown}
 m - a scroll of summoning
 n - a scroll of fear {unknown}
 p - 2 scrolls of poison
 u - a scroll of immolation {unknown}
 z - a scroll of blinking {unknown}
 J - a scroll of vulnerability {unknown}
Potions
 b - a potion of magic
 e - 2 potions of berserk rage
 l - 2 potions of attraction
 t - a potion of resistance {unknown}
 x - 2 potions of flight
 C - a potion of degeneration {unknown}
 D - 3 potions of curing
 F - 4 potions of might
 G - a potion of heal wounds


   Skills:
 - Level 2.1 Dodging
 - Level 2.0 Stealth
 - Level 2.0 Spellcasting
 + Level 7.1 Conjurations
 + Level 2.6 Hexes
 * Level 9.0 Fire Magic


You had 3 spell levels left.
You knew the following spells:

 Your Spells              Type           Power      Damage    Failure   Level
a - Foxfire               Conj/Fire      100%       2x1d9     1%          1
b - Scorch                Fire           56%        2d7       1%          2
c - Inner Flame           Hex/Fire       19%        N/A       9%          3
d - Searing Ray           Conj           68%        2d6       2%          2

Your spell library contained the following spells:

 Spells                   Type           Power      Damage    Failure   Level
 Volatile Blastmotes      Fire/Tloc      30%        2d12      16%         3
 Flame Wave               Conj/Fire      38%        2d10      12%         4
 Sticky Flame             Conj/Fire      38%        2d6       12%         4
 Arcjolt                  Conj/Air       9%         1d19      91%         5
 Summon Mana Viper        Hex/Summ       5%         N/A       99%         5
 Summon Forest            Summ/Tloc      0%         N/A       100%        5
 Summon Cactus Giant      Summ           0%         N/A       100%        6
 Spellforged Servitor     Conj/Summ      9%         N/A       100%        7


Dungeon Overview and Level Annotations

Branches:
Dungeon (6/15)             Temple (1/1) D:5

Altars:
Cheibriados
Dithmenos
Elyvilon
Fedhas
Gozag
Hepliaklqana
Makhleb
Okawaru
Qazlal
Ru
Uskayaw
Vehumet
Wu Jian
Xom
Yredelemnul

Annotations:
D:2 Terence
D:5 exclusion: 2 downstairs
D:6 Grinder


Innate Abilities, Weirdness & Mutations

You have a beak for a mouth.
You have claws for feet.
Your magical nature lets you fly swiftly and evasively.


Message History

* * * LOW HITPOINT WARNING * * *
Unknown command.
You hit the steam dragon.
You blast the steam dragon.
The steam dragon is almost dead.
You are engulfed in a cloud of scalding steam.
* * * LOW HITPOINT WARNING * * *
The steam dragon bites you but does no damage.
The steam dragon claws you.
* * * LOW HITPOINT WARNING * * *
Unknown command.
Casting: Scorch (safe; 1% risk of failure)
Confirm with . or Enter, or press ? or * to list all spells.
Flames lash the steam dragon.
The steam dragon is burned terribly!
You kill the steam dragon!
The dead are flying!
Your Conjurations skill increases to level 7!
Your Fire Magic skill increases to level 9!
You start resting.
HP restored.
You start resting.
Magic restored.
You swap places.
There is a stone staircase leading down here.
You fly downwards.
Your mindless puppet stays behind to rot.
Level annotation: Grinder The centaur shoots an arrow.
The arrow hits you! You block the ogre's attack.
The centaur shoots an arrow.
You block the arrow.
There is a stone staircase leading up here.
Casting: Scorch (safe; 1% risk of failure)
Confirm with . or Enter, or press ? or * to list all spells.
Flames lash the ogre.
The ogre is lightly wounded.
The ogre's fire resistance burns away.
The centaur shoots an arrow.
The arrow hits you.
* * * LOW HITPOINT WARNING * * *
The ogre hits you with a +0 giant club!!
Ouch! That really hurt!
You die...
Your body rises from the dead as a mindless zombie.

▒▒▒▒.▒ ▒
▒▒▒ .....
▒..▒ ....
...▒..>
....c▒▒▒
▒......▒▒
▒.......▒▒
▒.O......
▒Q.......
▒.[...▒▒▒
▒▒▒▒▒▒▒


You could see an ogre (combustible) and a centaur.

Vanquished Creatures
  Sigmund (D:2)
  A steam dragon (D:5)
  2 ice beasts
  A black bear (D:4)
  A centaur (D:5)
  A kobold brigand (D:4)
  2 hounds
  An orc priest (D:5)
  2 gnoll boudas (D:5)
  A sleepcap (D:5)
  2 iguanas (D:5)
  2 orc wizards (D:5)
  16 gnolls
  8 adders
  A spectral gnoll (D:5)
  3 worms
  A dart slug (D:2)
  9 orcs
  6 bats
  6 endoplasms
  5 giant cockroaches
  4 goblins
  9 hobgoblins
  6 kobolds
  4 quokkas
  8 ball pythons
  4 frilled lizards
  2 gnoll zombies (D:5)
  4 rats
113 creatures vanquished.

Vanquished Creatures (collateral kills)
  2 foxfires
2 creatures vanquished.

Vanquished Creatures (others)
  An ice beast zombie (D:5)
  An iguana zombie (D:5)
  A bat zombie (D:3)
  5 gnoll zombies (D:5)
  A hobgoblin zombie (D:4)
  4 orc zombies (D:5)
  154 foxfires
167 creatures vanquished.

Grand Total: 282 creatures vanquished

Notes
Turn   | Place    | Note
-------+----------+-------------------------------------------
     0 | D:1      | shmup the Tengu Fire Elementalist began the quest for the
                  | Orb.
     0 | D:1      | Reached XP level 1. HP: 10/10 MP: 4/4
   349 | D:1      | Reached XP level 2. HP: 15/15 MP: 6/6
   498 | D:1      | Learned a level 2 spell: Scorch
   776 | D:1      | Reached skill level 4 in Fire Magic
   905 | D:2      | Reached XP level 3. HP: 19/19 MP: 7/7
  1181 | D:2      | Reached XP level 4. HP: 24/24 MP: 8/8
  1347 | D:2      | Noticed Terence
  1350 | D:2      | Reached skill level 5 in Fire Magic
  1974 | D:2      | Noticed Sigmund
  1982 | D:2      | Killed Sigmund
  1983 | D:2      | Reached skill level 6 in Fire Magic
  1983 | D:2      | Gained mutation: Your magical nature lets you fly swiftly
                  | and evasively. [Tengu growth]
  1983 | D:2      | Reached XP level 5. HP: 24/28 MP: 9/9
  1983 | D:2      | Reached XP level 6. HP: 27/32 MP: 10/10
  2299 | D:3      | Found a basalt altar of Yredelemnul.
  2637 | D:3      | Became a worshipper of Yredelemnul the Dark
  2708 | D:3      | Found an iron altar of Okawaru.
  3028 | D:3      | Identified a scroll of acquirement
  3029 | D:3      | Acquired the staff of conjuration "Paebliaseu" {rN+ Str+3
                  | Int-2 Dex+5}
  3038 | D:3      | Learned a level 3 spell: Inner Flame
  3132 | D:4      | Found a shimmering altar of Xom.
  3197 | D:4      | Noticed a black bear
  3199 | D:4      | Reached skill level 5 in Conjurations
  3201 | D:4      | Killed a black bear
  3201 | D:4      | Reached * piety under Yredelemnul
  3202 | D:4      | Reached skill level 7 in Fire Magic
  3202 | D:4      | Reached XP level 7. HP: 36/36 MP: 11/11
  3440 | D:4      | HP: 1/36 [poisoned by a kobold brigand (curare-tipped
                  | dart)]
  3441 | D:4      | Reached skill level 1 in Hexes
  3609 | D:4      | Got Egusir's Atlas of Outbursts
  3613 | D:4      | Learned a level 2 spell: Searing Ray
  3718 | D:4      | Reached ** piety under Yredelemnul
  3802 | D:4      | Found a shadowy altar of Dithmenos.
  3806 | D:4      | Found a burning altar of Makhleb.
  4168 | D:5      | Entered Level 5 of the Dungeon
  4390 | D:5      | Found an opulent altar of Gozag.
  4593 | D:5      | Reached skill level 8 in Fire Magic
  4593 | D:5      | Reached XP level 8. HP: 33/41 MP: 12/12
  5473 | D:5      | Found a staircase to the Ecumenical Temple.
  5484 | Temple   | Entered the Ecumenical Temple
  5949 | D:6      | Noticed Grinder
  6046 | D:5      | Reached skill level 9 in Fire Magic
  6095 | D:6      | Slain by an ogre

Illustrated notes

Levels and vault maps discovered:
D:1:      amcnicky_arrival_blooded_trapdoor, layout_basic
D:2:      layout_basic, minmay_small_reverse_x, uniq_sigmund, uniq_terence
D:3:      layout_loops_ring, mainiacjoe_overflow_paths,
          mainiacjoe_overflow_small_starburst
D:4:      layout_loops_ring, mainiacjoe_overflow_surrounded_room, minitemple,
          kennysheep_generic_room_7, uniq_crazy_yiuf_cottage
D:5:      layout_loops_ring, mainiacjoe_overflow_tiny_flanked, temple_hall,
          nicolae_figureground_pulse
D:6:      layout_rooms, mainiacjoe_overflow_brackets,
          mainiacjoe_overflow_cross_hatched, mainiacjoe_overflow_alcove_4,
          guppyfry_shop_venom, uniq_grinder, uniq_menkaure
Temple:   jpeg_temple_island

Skill      XL: |  1  2  3  4  5  6  7  8 |
---------------+-------------------------+-----
Conjurations   | 2 3 4 5 6 7 |  7.1
Fire Magic     | 4 6 7 8 9 |  9.0
Hexes          | 1 2 |  2.6
Dodging        | |  2.1
Stealth        | |  2.0
Spellcasting   | |  2.0

Action                     |  1- 3 |  4- 6 |  7- 9 || total
---------------------------+-------+-------+-------++-------
  Melee: Dagger            |     1 |     2 |       ||     3
         Halberd           |       |     5 |       ||     5
         Staff             |       |     2 |    25 ||    27
         Kick              |       |     1 |     8 ||     9
         Peck              |       |       |     4 ||     4
  Throw: Dart              |       |       |     1 ||     1
   Cast: Foxfire           |    35 |    44 |    15 ||    94
         Scorch            |     8 |    32 |    59 ||    99
         Searing Ray       |       |       |     4 ||     4
         Inner Flame       |       |       |     3 ||     3
    Use: Scroll            |       |     4 |     5 ||     9
         Potion            |       |       |     1 ||     1
 Armour: Robe              |     6 |     6 |     4 ||    16
  Dodge: Dodged            |    14 |    24 |    33 ||    71
  Block: Buckler           |       |       |    10 ||    10
